 Dungeon Crawl Stone Soup version 0.21.1-1-g345015f (webtiles) character file.

86 Krilegs the Cudgeler (level 4, -3/29 HPs)
             Began as a Gargoyle Monk on May 8, 2018.
             Was a Follower of Ru.
             Slain by a worm (13 damage)
             ... on level 3 of the Dungeon.
             The game lasted 00:05:53 (2434 turns).

Krilegs the Cudgeler (Gargoyle Monk)                Turns: 2434, Time: 00:05:54

Health: -3/29      AC: 12    Str: 15    XL:     4   Next: 50%
Magic:  4/4        EV:  4    Int: 11    God:    Ru [*.....]
Gold:   117        SH:  9    Dex: 12    Spells: 3/3 levels left

rFire    . . .     SeeInvis .   a - +0 mace
rCold    . . .     Gourm    .   f - +2 shield
rNeg     + . .     Faith    .   g - +0 chain mail
rPois    ∞         Spirit   .   (no helmet)
rElec    +         Reflect  .   (no cloak)
rCorr    .         Harm     .   (no gloves)
MR       .....                  (no boots)
Stlth    ..........             e - amulet of rage
HPRegen  0.09/turn              (no ring)
MPRegen  0.09/turn              (no ring)

@: no status effects
A: negative energy resistance 1, electricity resistance, unbreathing,
petrification resistance, rot immunity, no air magic, no necromancy magic, no
summoning magic, AC +3
a: Renounce Religion, Evoke Berserk Rage


You were on level 3 of the Dungeon.
You worshipped Ru.
Ru was aware of your devotion.
You were not hungry.

You visited 1 branch of the dungeon, and saw 3 of its levels.

You collected 117 gold pieces.

Inventory:

Hand Weapons
 a - a +0 mace (weapon)
Armour
 f - a +2 shield (worn)
 g - a +0 chain mail (worn)
Jewellery
 e - an amulet of rage (around neck)
 l - an uncursed amulet of magic regeneration
Scrolls
 h - a scroll of amnesia {unknown}
 j - a scroll of blinking {unknown}
 m - 4 scrolls of identify {unknown}
 n - 2 scrolls of teleportation {unknown}
 o - a scroll of enchant weapon {unknown}
 p - a scroll of remove curse {unknown}
Potions
 b - 2 potions of heal wounds {unknown}
 d - a potion of brilliance {unknown}
 i - a potion of lignification {unknown}
 k - a potion of curing {unknown}
Comestibles
 c - 5 rations


   Skills:
 + Level 4.0 Fighting
 + Level 4.0 Maces & Flails
 * Level 1.8 Armour
 - Level 2.4 Dodging
 - Level 2.1 Stealth
 * Level 1.0 Shields


You had 3 spell levels left.
You didn't know any spells.

Dungeon Overview and Level Annotations

Branches:
Dungeon (3/15)

Altars:
Kikubaaqudgha
Ru
Trog
Yredelemnul


Innate Abilities, Weirdness & Mutations

You are resistant to torment.
Your stone body is resilient. (AC +3)
You are immune to poison.
You resist negative energy. (rN+)
You are resistant to electric shocks. (rElec)
You can survive without breathing.
You are immune to petrification.
You are immune to rotting.
You cannot study or cast Air magic.
You cannot study or cast Necromancy magic.
You cannot study or cast Summoning magic.


Message History

The rat barely misses you.
The moth of wrath goads the rat on!
The rat goes berserk!
You block the worm's attack. You block the rat's attack.
The rat bites you but does no damage.
You thump the rat!
You kill the rat!
The rat bites you but does no damage. You block the worm's attack.
The moth of wrath goads the rat on!
The rat goes berserk!
The rat barely misses you.
You sock the rat!
You kill the rat!
The worm bites you. The rat bites you but does no damage. The worm bites you!
Your chain mail prevents you from hitting the rat.
The rat bites you but does no damage. x2; The worm bites you.
Your chain mail prevents you from hitting the rat.
The rat barely misses you. The worm bites you.
The rat bites you but does no damage.
Your shield and chain mail prevent you from hitting the rat.
The rat bites you but does no damage. You block the worm's attack.
The rat barely misses you. The worm bites you!
You die...

##### #..#.(≈≈≈..#.##
###....###...#######.###
#.......##..........## #
.).......#...###...## #
....#....##.## ###.# #
...###...##.# ### #
._.#y#......# #
)..###wr.#### #
....#.†@.# # .........#
## #)......## ......
###....## ###### #####


You could see a moth of wrath, a worm (berserk) and a rat (berserk).

Vanquished Creatures
  An adder (D:3)
  An adder zombie (D:2)
  2 worms
  4 dart slugs
  5 leopard geckos
  2 orcs (D:3)
  A giant cockroach (D:1)
  2 gnoll zombies (D:3)
  2 goblins (D:1)
  7 hobgoblins
  5 kobolds
  9 bats
  3 frilled lizards
  10 rats
54 creatures vanquished.

Notes
Turn   | Place    | Note
-------+----------+-------------------------------------------
     0 | D:1      | Krilegs the Gargoyle Monk began the quest for the Orb.
     0 | D:1      | Reached XP level 1. HP: 14/14 MP: 1/1
   358 | D:1      | Reached XP level 2. HP: 19/19 MP: 2/2
   712 | D:1      | Reached XP level 3. HP: 15/24 MP: 3/3
   792 | D:1      | Reached skill level 1 in Armour
  1384 | D:2      | Found an ancient bone altar of Kikubaaqudgha.
  1668 | D:2      | Reached XP level 4. HP: 28/29 MP: 4/4
  2039 | D:3      | Found a basalt altar of Yredelemnul.
  2364 | D:3      | Reached skill level 1 in Shields
  2367 | D:3      | Found a sacrificial altar of Ru.
  2384 | D:3      | Became a worshipper of Ru the Awakened
  2387 | D:3      | Gained mutation: You cannot study or cast Air magic. [Ru sacrifice]
  2387 | D:3      | Gained mutation: You cannot study or cast Necromancy magic. [Ru sacrifice]
  2387 | D:3      | Gained mutation: You cannot study or cast Summoning magic. [Ru sacrifice]
  2387 | D:3      | Reached * piety under Ru
  2416 | D:3      | Noticed a moth of wrath
  2419 | D:3      | Found a bloodstained altar of Trog.
  2434 | D:3      | Slain by a worm

Skill      XL: |  1  2  3  4 |
---------------+-------------+-----
Armour         | 1 |  1.8
Maces & Flails | 4 |  4.0
Fighting       | 4 |  4.0
Shields        | 1 |  1.0
Dodging        | |  2.4
Stealth        | |  2.1

Action                   |  1- 3 |  4- 6 || total
-------------------------+-------+-------++-------
Melee: Mace              |   170 |    75 ||   245
Invok: Sacrifice Arcana  |       |     1 ||     1
  Eat: Chunk             |     2 |     1 ||     3
       Ration            |       |     1 ||     1
Armor: Robe              |     8 |       ||     8
       Ring mail         |    56 |       ||    56
       Chain mail        |    40 |    53 ||    93
Dodge: Dodged            |    95 |    22 ||   117
Block: Shield            |    19 |    47 ||    66
